| TOP OF THE 1ST |
|
Cincinnati Reds batting - Pitching for St. Louis Cardinals : LHP Danny Rivera
|
|
Pitching: LHP Danny Rivera
|
|
|
Batting: RHB Tony Casas
|
0-0: Called Strike 0-1: Ground out 6-3 (Groundball, 6, EV 86.9 MPH)
|
|
Batting: RHB Mike Alm
|
0-0: Swinging Strike 0-1: Called Strike 0-2: Ball 1-2: Strikes out swinging
|
|
Batting: RHB Steve Castleberry
|
0-0: Ball 1-0: Ball 2-0: Ball 3-0: Called Strike 3-1: Foul Ball, location: 2F 3-2: Base on Balls
|
|
Batting: LHB Chris Grunwald
|
0-0: Fly out, F9 (Flyball, 9, EV 84.4 MPH)
|
| Top of the 1st over - 0 runs, 0 hits, 0 errors, 1 left on base; Cincinnati 0 - St. Louis 0 |
| BOTTOM OF THE 1ST |
|
St. Louis Cardinals batting - Pitching for Cincinnati Reds : LHP Brad Jonas
|
|
Pitching: LHP Brad Jonas
|
|
|
Batting: RHB Mike Bates
|
0-0: Ball 1-0: Foul Ball, location: 2F 1-1: Fly out, F7 (Flyball, 78M, EV 75.0 MPH)
|
|
Batting: SHB Antoine Roux
|
0-0: Ball 1-0: Ball 2-0: Ball 3-0: Swinging Strike 3-1: Foul Ball, location: 2F 3-2: DOUBLE (Line Drive, 89D, EV 108.8 MPH)
|
|
Batting: RHB Tyler Walker
|
0-0: Ball 1-0: 2-RUN HOME RUN (Flyball, 8LXD, EV 106.2 MPH), Distance : 432 ft
|
|
Batting: RHB Melvin Enriquez
|
0-0: Ball 1-0: Called Strike 1-1: SINGLE (Line Drive, 34, EV 98.1 MPH)
|
|
Batting: SHB Harry Hoop
|
0-0: Ground out 5-3 (Groundball, 5S, EV 66.9 MPH) Melvin Enriquez to second
|
|
Batting: LHB Billy Guzman
|
0-0: Hit by Pitch
|
|
Batting: RHB Danny Gallo
|
0-0: Fly out, F8 (Flyball, 8RM, EV 89.4 MPH)
|
| Bottom of the 1st over - 2 runs, 3 hits, 0 errors, 2 left on base; Cincinnati 0 - St. Louis 2 |
| TOP OF THE 2ND |
|
Cincinnati Reds batting - Pitching for St. Louis Cardinals : LHP Danny Rivera
|
|
Batting: RHB Omar Quintana
|
0-0: Ball 1-0: Called Strike 1-1: SINGLE (Groundball, 6MD, EV 101.9 MPH)
|
|
Batting: SHB Dave Barefoot
|
0-0: Swinging Strike 0-1: Swinging Strike 0-2: SINGLE (Flyball, 7LS, EV 93.1 MPH) Omar Quintana to second
|
|
Batting: RHB Joseph Kirchmann
|
0-0: Swinging Strike 0-1: Ball 1-1: Ball 2-1: Ball 3-1: Called Strike 3-2: SINGLE (Line Drive, 56D, EV 101.9 MPH) Omar Quintana to third Dave Barefoot to second
|
|
Batting: LHB Antonio Figueroa
|
0-0: Fly out, F8 (Flyball, 8LM, EV 93.1 MPH)
|
|
Batting: SHB Saulo Maina
|
0-0: Ball 1-0: DOUBLE (Groundball, 3L, EV 103.1 MPH) Omar Quintana scores Dave Barefoot scores Joseph Kirchmann to third
|
|
Batting: RHB Tony Casas
|
0-0: Ball 1-0: Ball 2-0: Swinging Strike 2-1: SINGLE (Line Drive, 9S, EV 101.9 MPH) Joseph Kirchmann scores Saulo Maina to third Runner from 3rd tries for Home, SAFE, throw by RF to home
|
|
Batting: RHB Mike Alm
|
0-0: Called Strike 0-1: Ball 1-1: SINGLE (Groundball, 56D, EV 103.1 MPH) Tony Casas to second
|
|
Batting: RHB Steve Castleberry
|
0-0: Ball 1-0: Ball 2-0: Ball 3-0: Called Strike 3-1: Base on Balls Tony Casas to third Mike Alm to second
|
|
Batting: LHB Chris Grunwald
|
0-0: Ball 1-0: SINGLE (Groundball, 56D, EV 103.1 MPH) Tony Casas scores Mike Alm to third Steve Castleberry to second Runner from 3rd tries for Home, SAFE, throw by LF to home
|
|
Pitching: RHP Doug Seliger
|
|
|
Batting: RHB Omar Quintana
|
0-0: Foul Ball, location: 2F 0-1: 3-RUN HOME RUN (Flyball, 9LD, EV 95.6 MPH), Distance : 342 ft
|
|
Batting: SHB Dave Barefoot
|
0-0: Ball 1-0: Foul Ball, location: 2F 1-1: Swinging Strike 1-2: Ball 2-2: Foul Ball, location: 2F 2-2: Hit by Pitch, AND HE CHARGES THE MOUND! The benches clear!
|
|
Pitching: RHP Jaylin Green
|
|
|
Pinch Runner at 1st Jun Tsuda:
|
|
|
Batting: RHB Joseph Kirchmann
|
0-0: Ball 1-0: Foul Ball, location: 2F 1-1: Ball 2-1: Swinging Strike 2-2: SINGLE (Flyball, 89S, EV 85.6 MPH) Jun Tsuda to second
|
|
Batting: LHB Antonio Figueroa
|
0-0: Called Strike 0-1: Fly out, F7 (Line Drive, 7LS, EV 100.6 MPH)
|
|
Batting: SHB Saulo Maina
|
0-0: Fly out, F7 (Flyball, 7, EV 93.8 MPH)
|
| Top of the 2nd over - 9 runs, 9 hits, 0 errors, 2 left on base; Cincinnati 9 - St. Louis 2 |
| BOTTOM OF THE 2ND |
|
St. Louis Cardinals batting - Pitching for Cincinnati Reds : LHP Brad Jonas
|
|
Now at 2B: Saulo Maina
|
|
|
Now at SS: Jun Tsuda
|
|
|
Batting: SHB Jason Kirby
|
0-0: Ground out 6-3 (Groundball, 6, EV 80.6 MPH)
|
|
Batting: LHB Armando Carbajal
|
0-0: Ground out 4-3 (Groundball, 4, EV 78.1 MPH)
|
|
Batting: RHB Mike Bates
|
0-0: Ball 1-0: Ball 2-0: Ball 3-0: Called Strike 3-1: Base on Balls
|
|
Batting: SHB Antoine Roux
|
0-0: Ball Mike Bates steals 2nd base 1-0: Called Strike 1-1: Foul Ball, location: 2F 1-2: Strikes out swinging
|
| Bottom of the 2nd over - 0 runs, 0 hits, 0 errors, 1 left on base; Cincinnati 9 - St. Louis 2 |
| TOP OF THE 3RD |
|
Cincinnati Reds batting - Pitching for St. Louis Cardinals : RHP Jaylin Green
|
|
Batting: RHB Tony Casas
|
0-0: Called Strike 0-1: Called Strike 0-2: SINGLE (Groundball, 6D, EV 97.5 MPH)
|
|
Batting: RHB Mike Alm
|
0-0: Called Strike 0-1: Ball 1-1: Ball 2-1: Ball 3-1: Base on Balls Tony Casas to second
|
|
Batting: RHB Steve Castleberry
|
0-0: Fly out, F9 (Line Drive, 9LM, EV 98.1 MPH)
|
|
Batting: LHB Chris Grunwald
|
0-0: Called Strike Tony Casas is caught stealing 3rd base 2-5 Mike Alm to second 0-1: Ball 1-1: Ball 2-1: Ground out 4-3 (Groundball, 4MS, EV 86.9 MPH)
|
| Top of the 3rd over - 0 runs, 1 hit, 0 errors, 1 left on base; Cincinnati 9 - St. Louis 2 |
| BOTTOM OF THE 3RD |
|
St. Louis Cardinals batting - Pitching for Cincinnati Reds : LHP Brad Jonas
|
|
Batting: RHB Tyler Walker
|
0-0: Swinging Strike 0-1: Foul Ball, location: 2F 0-2: Strikes out looking
|
|
Batting: RHB Melvin Enriquez
|
0-0: Ball 1-0: Ball 2-0: SINGLE (Groundball, 6S, EV 61.2 MPH) (infield hit)
|
|
Batting: SHB Harry Hoop
|
0-0: Ball 1-0: Swinging Strike 1-1: Swinging Strike 1-2: Ball 2-2: Ball 3-2: Foul Ball, location: 2F 3-2: Base on Balls Melvin Enriquez to second
|
|
Batting: LHB Billy Guzman
|
0-0: Foul Ball, location: 2F 0-1: Ball 1-1: Ball 2-1: Foul Ball, location: 2F 2-2: Ball 3-2: Base on Balls Melvin Enriquez to third Harry Hoop to second
|
|
Batting: RHB Danny Gallo
|
0-0: Foul Ball, location: 2F 0-1: Called Strike 0-2: Strikes out looking
|
|
Batting: SHB Jason Kirby
|
0-0: Swinging Strike 0-1: Called Strike 0-2: Strikes out looking
|
| Bottom of the 3rd over - 0 runs, 1 hit, 0 errors, 3 left on base; Cincinnati 9 - St. Louis 2 |
| TOP OF THE 4TH |
|
Cincinnati Reds batting - Pitching for St. Louis Cardinals : RHP Jaylin Green
|
|
Batting: RHB Omar Quintana
|
0-0: Called Strike 0-1: Called Strike 0-2: Ball 1-2: DOUBLE (Flyball, 89XD, EV 95.0 MPH)
|
|
Batting: SHB Jun Tsuda
|
0-0: Ball 1-0: Ball 2-0: Called Strike 2-1: Ball 3-1: Foul Ball, location: 2F 3-2: Ground out 4-3 (Groundball, 34, EV 76.9 MPH) Omar Quintana to third
|
|
Batting: RHB Joseph Kirchmann
|
0-0: Ball 1-0: Ball 2-0: Foul Ball, location: 2F 2-1: 2-RUN HOME RUN (Line Drive, 7LD, EV 92.5 MPH), Distance : 361 ft
|
|
Batting: LHB Antonio Figueroa
|
0-0: SINGLE (Groundball, 4D, EV 94.4 MPH)
|
|
Batting: SHB Saulo Maina
|
0-0: Ball 1-0: Ball 2-0: Called Strike 2-1: 2-RUN HOME RUN (Flyball, 78XD, EV 105.6 MPH), Distance : 399 ft
|
|
Batting: RHB Tony Casas
|
0-0: Called Strike 0-1: DOUBLE (Flyball, 8RXD, EV 93.8 MPH)
|
|
Batting: RHB Mike Alm
|
0-0: Ball 1-0: Ball 2-0: Ball 3-0: Base on Balls
|
|
Pitching: LHP Marc Eismann
|
|
|
Batting: RHB Steve Castleberry
|
0-0: Foul Ball, location: 2F 0-1: Ball 1-1: Called Strike 1-2: Foul Ball, location: 2F 1-2: Ball 2-2: Foul Ball, location: 2F 2-2: Foul Ball, location: 2F 2-2: Strikes out swinging
|
|
Batting: LHB Chris Grunwald
|
0-0: Ball 1-0: Called Strike 1-1: Ball 2-1: Ball 3-1: Fly out, F9 (Line Drive, 89M, EV 97.5 MPH)
|
| Top of the 4th over - 4 runs, 5 hits, 0 errors, 2 left on base; Cincinnati 13 - St. Louis 2 |
| BOTTOM OF THE 4TH |
|
St. Louis Cardinals batting - Pitching for Cincinnati Reds : LHP Brad Jonas
|
|
Batting: LHB Armando Carbajal
|
0-0: Called Strike 0-1: Ground out U3 (Groundball, 3S, EV 85.0 MPH)
|
|
Batting: RHB Mike Bates
|
0-0: Called Strike 0-1: Ball 1-1: Swinging Strike 1-2: Ball 2-2: Ground out 5-3 (Groundball, 5S, EV 70.6 MPH)
|
|
Batting: SHB Antoine Roux
|
0-0: Called Strike 0-1: Foul Ball, location: 2F 0-2: Strikes out swinging
|
| Bottom of the 4th over - 0 runs, 0 hits, 0 errors, 0 left on base; Cincinnati 13 - St. Louis 2 |
| TOP OF THE 5TH |
|
Cincinnati Reds batting - Pitching for St. Louis Cardinals : LHP Marc Eismann
|
|
Batting: RHB Omar Quintana
|
0-0: Called Strike 0-1: Swinging Strike 0-2: Ball 1-2: Foul Ball, location: 2F 1-2: Ball 2-2: Ball 3-2: Base on Balls
|
|
Batting: SHB Jun Tsuda
|
0-0: Ball Wild Pitch! Omar Quintana to second 1-0: Ball 2-0: Ball 3-0: Called Strike 3-1: Base on Balls
|
|
Batting: RHB Joseph Kirchmann
|
0-0: Ball 1-0: Ball 2-0: Called Strike 2-1: Called Strike 2-2: Foul Ball, location: 2F 2-2: Fly out, F8 (Line Drive, 89M, EV 101.2 MPH)
|
|
Batting: LHB Antonio Figueroa
|
0-0: Ball 1-0: Ball 2-0: Ball 3-0: Called Strike 3-1: Base on Balls Omar Quintana to third Jun Tsuda to second
|
|
Batting: SHB Saulo Maina
|
0-0: Grounds into double play, 6-4-3 (Groundball, 6, EV 83.8 MPH)
|
| Top of the 5th over - 0 runs, 0 hits, 0 errors, 2 left on base; Cincinnati 13 - St. Louis 2 |
| BOTTOM OF THE 5TH |
|
St. Louis Cardinals batting - Pitching for Cincinnati Reds : LHP Brad Jonas
|
|
Batting: RHB Tyler Walker
|
0-0: Called Strike 0-1: Ball 1-1: Reached on error, E5 (Groundball, 5L, EV 85.0 MPH)
|
|
Batting: RHB Melvin Enriquez
|
0-0: Called Strike 0-1: Called Strike 0-2: Ball 1-2: Foul Ball, location: 2F 1-2: Foul Ball, location: 2F 1-2: Foul Ball, location: 2F 1-2: Ball Wild Pitch! Tyler Walker to second 2-2: SINGLE (Groundball, 56D, EV 108.1 MPH) Tyler Walker to third Runner from 3rd tries for Home, SAFE, throw by LF to home Melvin Enriquez to second
|
|
Batting: SHB Harry Hoop
|
0-0: Ground out 4-3 (Groundball, 4, EV 104.4 MPH) Melvin Enriquez to third
|
|
Batting: LHB Billy Guzman
|
0-0: Called Strike 0-1: Ball 1-1: Ball 2-1: Fly out, F7 (Line Drive, 78M, EV 101.2 MPH)
|
|
Batting: RHB Danny Gallo
|
0-0: Ball 1-0: Ball 2-0: Ball 3-0: Base on Balls
|
|
Batting: SHB Jason Kirby
|
0-0: Ball 1-0: Ground out 4-3 (Groundball, 4, EV 100.6 MPH)
|
| Bottom of the 5th over - 1 run, 1 hit, 1 error, 2 left on base; Cincinnati 13 - St. Louis 3 |
| TOP OF THE 6TH |
|
Cincinnati Reds batting - Pitching for St. Louis Cardinals : LHP Marc Eismann
|
|
Batting: RHB Tony Casas
|
0-0: Swinging Strike 0-1: Ball 1-1: Ball 2-1: Ball 3-1: Base on Balls
|
|
Batting: RHB Mike Alm
|
0-0: Foul Ball, location: 2F 0-1: Foul Ball, location: 2F 0-2: Strikes out swinging
|
|
Batting: RHB Steve Castleberry
|
0-0: SINGLE (Flyball, 6D, EV 96.9 MPH) Tony Casas to second
|
|
Batting: LHB Chris Grunwald
|
0-0: Ball 1-0: Called Strike 1-1: Fly out, F9 (Flyball, 9S, EV 83.8 MPH)
|
|
Batting: RHB Omar Quintana
|
0-0: Called Strike 0-1: Swinging Strike 0-2: Ball 1-2: Ball 2-2: Strikes out swinging
|
| Top of the 6th over - 0 runs, 1 hit, 0 errors, 2 left on base; Cincinnati 13 - St. Louis 3 |
| BOTTOM OF THE 6TH |
|
St. Louis Cardinals batting - Pitching for Cincinnati Reds : LHP Brad Jonas
|
|
Batting: LHB Armando Carbajal
|
0-0: Called Strike 0-1: Swinging Strike 0-2: Strikes out looking
|
|
Batting: RHB Mike Bates
|
0-0: Called Strike 0-1: Ground out 6-3 (Groundball, 56, EV 101.9 MPH)
|
|
Batting: SHB Antoine Roux
|
0-0: Ball 1-0: Swinging Strike 1-1: Swinging Strike 1-2: Ball 2-2: Strikes out swinging
|
| Bottom of the 6th over - 0 runs, 0 hits, 0 errors, 0 left on base; Cincinnati 13 - St. Louis 3 |
| TOP OF THE 7TH |
|
Cincinnati Reds batting - Pitching for St. Louis Cardinals : LHP Marc Eismann
|
|
Batting: SHB Jun Tsuda
|
0-0: Ball 1-0: Called Strike 1-1: Ball 2-1: Swinging Strike 2-2: Ball 3-2: Strikes out swinging
|
|
Batting: RHB Joseph Kirchmann
|
0-0: Swinging Strike 0-1: Foul Ball, location: 2F 0-2: Ball 1-2: Ball 2-2: Foul Ball, location: 2F 2-2: Foul Ball, location: 2F 2-2: Ball 3-2: Fly out, F4 (Popup, 4, EV 73.1 MPH)
|
|
Batting: LHB Antonio Figueroa
|
0-0: Ball 1-0: Fly out, F9 (Flyball, 9D, EV 91.9 MPH)
|
| Top of the 7th over - 0 runs, 0 hits, 0 errors, 0 left on base; Cincinnati 13 - St. Louis 3 |
| BOTTOM OF THE 7TH |
|
St. Louis Cardinals batting - Pitching for Cincinnati Reds : LHP Brad Jonas
|
|
Batting: RHB Tyler Walker
|
0-0: Ball 1-0: Ball 2-0: Ball 3-0: Called Strike 3-1: SOLO HOME RUN (Flyball, 7D, EV 98.8 MPH), Distance : 384 ft
|
|
Batting: RHB Melvin Enriquez
|
0-0: Foul Ball, location: 2F 0-1: SINGLE (Groundball, 6MD, EV 96.2 MPH)
|
|
Pitching: RHP Constantino Chamisso
|
|
|
Batting: SHB Harry Hoop
|
0-0: Ball 1-0: Ball 2-0: Ball 3-0: Called Strike 3-1: Foul Ball, location: 2F 3-2: Base on Balls Melvin Enriquez to second
|
|
Batting: LHB Billy Guzman
|
0-0: Ball 1-0: Called Strike 1-1: Ball 2-1: Foul Ball, location: 2F 2-2: Fly out, F8 (Flyball, BS3, EV 114.4 MPH) Runner from 2nd tags up, SAFE at 3rd, no throw by CF
|
|
Batting: RHB Danny Gallo
|
0-0: Called Strike 0-1: Ball 1-1: Foul Ball, location: 2F 1-2: SINGLE (Groundball, 15S, EV 65.0 MPH) (infield hit) Harry Hoop to second
|
|
Batting: SHB Jason Kirby
|
0-0: Ball 1-0: Foul Ball, location: 2F 1-1: SINGLE (Line Drive, 5D, EV 103.8 MPH) Melvin Enriquez scores Harry Hoop to third Danny Gallo to second Runner from 3rd tries for Home, SAFE, throw by LF to home
|
|
Batting: LHB Armando Carbajal
|
0-0: Called Strike 0-1: Foul Ball, location: 2F 0-2: Ball 1-2: Ball 2-2: Grounds out, U3 (Groundball, 3L, EV 90.0 MPH) Danny Gallo to third
|
|
Pinch Hitting: LHB Pat Sutton
|
0-0: Ball 1-0: Ball 2-0: Ground out 4-3 (Groundball, 4, EV 91.2 MPH)
|
| Bottom of the 7th over - 3 runs, 4 hits, 0 errors, 2 left on base; Cincinnati 13 - St. Louis 6 |
| TOP OF THE 8TH |
|
Cincinnati Reds batting - Pitching for St. Louis Cardinals : LHP Marc Eismann
|
|
Pitching: RHP Dave Crouch
|
|
|
Now in RF: Pat Sutton
|
|
|
Batting: SHB Saulo Maina
|
0-0: Ball 1-0: Fly out, F7 (Flyball, 7S, EV 94.4 MPH)
|
|
Batting: RHB Tony Casas
|
0-0: Ball 1-0: Swinging Strike 1-1: Called Strike 1-2: Ball 2-2: Ground out 6-3 (Groundball, 6, EV 75.6 MPH)
|
|
Batting: RHB Mike Alm
|
0-0: SINGLE (Flyball, 8LS, EV 87.5 MPH)
|
|
Batting: RHB Steve Castleberry
|
0-0: Called Strike 0-1: Called Strike 0-2: Ball 1-2: Foul Ball, location: 2F 1-2: Ball 2-2: Foul Ball, location: 2F 2-2: Foul Ball, location: 2F 2-2: Strikes out swinging
|
| Top of the 8th over - 0 runs, 1 hit, 0 errors, 1 left on base; Cincinnati 13 - St. Louis 6 |
| BOTTOM OF THE 8TH |
|
St. Louis Cardinals batting - Pitching for Cincinnati Reds : RHP Constantino Chamisso
|
|
Batting: SHB Antoine Roux
|
0-0: Ball 1-0: Swinging Strike 1-1: DOUBLE (Line Drive, 78D, EV 104.4 MPH)
|
|
Batting: RHB Tyler Walker
|
0-0: Called Strike 0-1: Ball 1-1: Ball 2-1: Ball 3-1: Ground out 5-3 (Groundball, 56, EV 103.8 MPH)
|
|
Pitching: RHP Robbie Delgado
|
|
|
Batting: RHB Melvin Enriquez
|
0-0: Called Strike 0-1: Swinging Strike 0-2: Ball 1-2: Foul Ball, location: 2F 1-2: Ball 2-2: Foul Ball, location: 2F 2-2: Ball 3-2: Base on Balls
|
|
Batting: SHB Harry Hoop
|
0-0: Swinging Strike 0-1: Ball 1-1: DOUBLE (Line Drive, 9LS, EV 93.1 MPH) Antoine Roux scores Melvin Enriquez to third
|
|
Batting: LHB Billy Guzman
|
0-0: Ball 1-0: Called Strike 1-1: Ball 2-1: Foul Ball, location: 2F 2-2: Strikes out swinging
|
|
Batting: RHB Danny Gallo
|
0-0: Called Strike 0-1: Swinging Strike 0-2: Strikes out swinging
|
| Bottom of the 8th over - 1 run, 2 hits, 0 errors, 2 left on base; Cincinnati 13 - St. Louis 7 |
| TOP OF THE 9TH |
|
Cincinnati Reds batting - Pitching for St. Louis Cardinals : RHP Dave Crouch
|
|
Batting: LHB Chris Grunwald
|
0-0: Ball 1-0: Ball 2-0: DOUBLE (Line Drive, 9LM, EV 109.4 MPH)
|
|
Batting: RHB Omar Quintana
|
0-0: Ball 1-0: Called Strike 1-1: Swinging Strike 1-2: Fly out, F8 (Flyball, 89XD, EV 93.8 MPH) Runner from 2nd tags up, SAFE at 3rd, no throw by CF
|
|
Batting: SHB Jun Tsuda
|
0-0: Called Strike 0-1: Swinging Strike 0-2: Strikes out swinging
|
|
Batting: RHB Joseph Kirchmann
|
0-0: Ball 1-0: Ground out 6-3 (Groundball, 56, EV 86.9 MPH)
|
| Top of the 9th over - 0 runs, 1 hit, 0 errors, 1 left on base; Cincinnati 13 - St. Louis 7 |
| BOTTOM OF THE 9TH |
|
St. Louis Cardinals batting - Pitching for Cincinnati Reds : RHP Robbie Delgado
|
|
Batting: SHB Jason Kirby
|
0-0: Swinging Strike 0-1: Foul Ball, location: 2F 0-2: DOUBLE (Flyball, 8RXD, EV 96.2 MPH)
|
|
Batting: LHB Armando Carbajal
|
0-0: Ball 1-0: SINGLE (Groundball, 56, EV 108.1 MPH) Jason Kirby to third
|
|
Batting: LHB Pat Sutton
|
0-0: Called Strike 0-1: Ball 1-1: Ball 2-1: Called Strike 2-2: Foul Ball, location: 2F 2-2: DOUBLE (Line Drive, 78M, EV 96.9 MPH) Jason Kirby scores Armando Carbajal to third
|
|
Batting: SHB Antoine Roux
|
0-0: Called Strike 0-1: Ball 1-1: Ground out 5-3 (Groundball, 5, EV 82.5 MPH)
|
|
Batting: RHB Tyler Walker
|
0-0: Ball 1-0: Ball 2-0: Called Strike 2-1: Foul Ball, location: 2F 2-2: Ball 3-2: Strikes out looking
|
|
Batting: RHB Melvin Enriquez
|
0-0: Ball 1-0: Called Strike 1-1: Ball 2-1: SINGLE (Groundball, P, EV 81.2 MPH) (infield hit) Armando Carbajal scores Pat Sutton to third
|
|
Pitching: RHP Ryan Terlizzi
|
|
|
Batting: SHB Harry Hoop
|
0-0: Called Strike 0-1: Foul Ball, location: 2F 0-2: Ball 1-2: Strikes out swinging
|
| Bottom of the 9th over - 2 runs, 4 hits, 0 errors, 2 left on base; Cincinnati 13 - St. Louis 9 |
|